 Dungeon Crawl Stone Soup version 0.20.0-15-g7f486f2 (webtiles) character file.

47197 Peloso the Peltast (level 14, -10/126 HPs)
             Began as a Minotaur Fighter on July 2, 2017.
             Was the Champion of Okawaru.
             Mangled by Rupert
             ... wielding a +3 great mace of crushing
              (31 damage)
             ... on level 4 of the Lair of Beasts.
             The game lasted 01:03:49 (18874 turns).

Peloso the Peltast (Minotaur Fighter)              Turns: 18874, Time: 01:03:49

Health: -10/126    AC: 23    Str: 28    XL:     14   Next: 7%
Magic:  0/13       EV: 14    Int:  5    God:    Okawaru [******]
Gold:   600        SH: 23    Dex: 15    Spells: 13/13 levels left

rFire    . . .     SeeInvis .   E - +11 scimitar "Echaguy" {protect, Fragile rN++ Str+4 Stlth+}
rCold    . . .     Gourm    .   e - +2 shield
rNeg     + + +     Faith    .   y - +1 plate armour {rPois}
rPois    +         Spirit   +   (helmet restricted)
rElec    .         Reflect  +   Q - scarf {Spirit}
rCorr    .         Harm     .   V - +1 pair of gloves {Dex+3}
MR       +....                  (no boots)
Stlth    ..........             L - +4 amulet of reflection
Regen    0.4/turn               t - ring of positive energy
MPRegen  0.2/turn               i - +3 ring of protection

@: heroism, corroded, protection aura
A: retaliatory headbutt, horns 2
a: Heroism, Finesse, Renounce Religion


You were on level 4 of the Lair of Beasts.
You worshipped Okawaru.
Okawaru was exalted by your worship.
You were not hungry.

You visited 3 branches of the dungeon, and saw 16 of its levels.
You also visited: Ice Cave.

You collected 888 gold pieces.
You spent 288 gold pieces at shops.

Inventory:

Hand Weapons
 a - a +2 scimitar of flaming
 w - the +7 scimitar "Ysyig" {drain, *Noise MR+ Stlth+}
   (Okawaru gifted it to you on level 3 of the Lair of Beasts)

   A truly terrible weapon, it drains the life of those it strikes.
   It affects your resistance to hostile enchantments.
   It may make noises in combat.
   It makes you more stealthy.
 E - the +11 scimitar "Echaguy" (weapon) {protect, Fragile rN++ Str+4 Stlth+}
   (Okawaru gifted it to you on level 3 of the Lair of Beasts)

   It protects the one who uses it against injury (+AC on strike).
   It affects your strength (+4).
   It greatly protects you from negative energy.
   It will be destroyed if unequipped.
   It makes you more stealthy.
 Z - the +8 scimitar of the Horn {slice, MR++ Str+6 Dex-5}
   (You found it in an ice cave)

   It inflicts extra damage upon your enemies.
   It affects your strength (+6).
   It affects your dexterity (-5).
   It affects your resistance to hostile enchantments.
Armour
 e - a +2 shield (worn)
 y - a +1 plate armour of poison resistance (worn)
 P - a +0 plate armour of fire resistance
 Q - a scarf of spirit shield (worn)
 V - a +1 pair of gloves of dexterity (worn)
Jewellery
 i - a +3 ring of protection (right hand)
 m - an uncursed amulet of harm
 t - a ring of positive energy (left hand)
 D - an uncursed ring of magical power
 L - a +4 amulet of reflection (around neck)
 S - an uncursed amulet of regeneration
Wands
 n - a wand of digging (6/24)
 q - a wand of confusion (28/48)
 v - a wand of lightning (7/15)
 B - a wand of flame (25/48)
Scrolls
 c - 8 scrolls of teleportation
 g - a scroll of identify
 j - 3 scrolls of brand weapon {unknown}
 o - 3 scrolls of remove curse
 p - 2 scrolls of recharging
 r - 7 scrolls of magic mapping
 A - 2 scrolls of fear
 F - 2 scrolls of blinking {unknown}
 J - 3 scrolls of fog {unknown}
 O - a scroll of silence {unknown}
Potions
 h - 5 potions of might
 l - 7 potions of curing
 s - a potion of agility
 u - 3 potions of heal wounds
 G - 4 potions of haste
 H - 3 potions of flight
 M - a potion of invisibility
Books
 b - a book of Conjurations

   Spells                             Type                      Level
   a - Magic Dart                     Conjuration                  1
   b - Searing Ray                    Conjuration                  2
   c - Dazzling Spray                 Conjuration/Hexes            3
   d - Fulminant Prism                Conjuration/Hexes            4
   e - Force Lance                    Conjuration/Translocation    4
   f - Iskenderun's Mystic Blast      Conjuration                  4
 d - a book of Battle

   Spells                             Type                      Level
   a - Infusion                       Charms                       1
   b - Shroud of Golubria             Charms/Translocation         2
   c - Song of Slaying                Charms                       2
   d - Spectral Weapon                Hexes/Charms                 3
   e - Regeneration                   Charms/Necromancy            3
Comestibles
 f - 8 bread rations
 k - 9 meat rations
 z - 42 fruits
 C - 16 royal jellies


   Skills:
 + Level 12.1(17.1) Fighting
 + Level 15.1(20.1) Long Blades
 + Level 12.7(17.7) Armour
 + Level 4.9(9.9) Dodging
 + Level 1.0(6.0) Stealth
 + Level 16.8(21.8) Shields
 + Level 0.4 Invocations
 + Level 0.8 Evocations


You had 13 spell levels left.
You didn't know any spells.

Dungeon Overview and Level Annotations

Branches:
Dungeon (11/15)            Temple (1/1) D:6            Lair (4/6) D:11
  Swamp (0/4) Lair:2        Snake (0/4) Lair:2          Orc (0/2) D:11

Altars:
Dithmenos
Fedhas
Kikubaaqudgha
Makhleb
Nemelex Xobeh
Okawaru
Qazlal
Trog
Uskayaw
Vehumet
Xom
Yredelemnul
The Shining One

Shops:
D:5 ?   D:10 :   D:11 [

Annotations:
D:4 exclusion: statue
D:11 1 runed door
Lair:4 exclusion: oklob plant, Rupert


Innate Abilities, Weirdness & Mutations

You reflexively headbutt those who attack you in melee.
You have a pair of horns on your head.


Message History

You slice Rupert!!
Rupert is severely wounded.
You block Rupert's attack.
You closely miss Rupert. Your headbutt misses Rupert.
Rupert is severely wounded.
Rupert closely misses you.
Unknown command.
You slice Rupert!! Your headbutt misses Rupert.
Rupert is severely wounded.
Rupert hits you with a great mace of crushing!!
* * * LOW HITPOINT WARNING * * *
x2 Unknown command.
You hit Rupert. Your headbutt misses Rupert.
Rupert is severely wounded.
You block Rupert's attack.
Unknown command.
You hit Rupert. You headbutt Rupert!
Rupert is almost dead.
Rupert hits you with a great mace of crushing!!
You die...

######. #...####..$.....
##.....## #.P.##P.PPP
##.......###..PP..[PPP
#.........##.......PPP
#.........##.....#......
##....<....##..###.###.#P.
........†...#....# ## .#
..#.........##@### #
##.....†.###@P#
##.....####.##
####.###...P#
.#####.##....#
.............P#
#...#P....P.....# #.
###.#P.#.P.## #.#####...#
..# #.##


You could see Rupert (berserk).

Vanquished Creatures
  A frost giant (IceCv)
  Snorg (Lair:3)
  Josephine (D:11)
  4 hydras
  Erica (Lair:1)
  A death yak (IceCv)
  A tengu warrior (D:10)
  A queen ant (Lair:2)
  5 two-headed ogres
  Pikel (D:5)
  2 ugly things
  2 oklob plants (Lair:1)
  A manticore (D:11)
  5 elephants (Lair:3)
  2 black mambas
  An ice statue (IceCv)
  5 spiny frogs (Lair:3)
  2 komodo dragons
  2 rime drakes (Lair:1)
  A centaur skeleton (D:11)
  3 trolls
  A queen bee (Lair:2)
  18 polar bears (IceCv)
  A dream sheep (Lair:3)
  9 hippogriffs
  8 blink frogs
  Sigmund (D:2)
  4 wraiths
  3 wyverns
  16 yaks
  A basilisk (Lair:3)
  3 hungry ghosts
  A steam dragon (D:10)
  3 swamp worms (Lair:2)
  A warg (Lair:1)
  4 nagas (Lair:2)
  Menkaure (D:4)
  20 soldier ants (Lair:2)
  10 water moccasins
  An acid dragon (D:11)
  14 porcupines
  3 black bears (D:7)
  3 ice beasts
  2 sky beasts
  7 orc warriors
  A phantom (D:9)
  4 centaurs
  30 wolves
  3 ogres
  6 crocodiles
  16 bullfrogs
  A wyvern skeleton (D:6)
  2 scorpions
  44 killer bees
  4 wights
  A howler monkey (D:4)
  2 electric eels
  5 crimson imps
  A bullfrog zombie (D:9)
  2 centaur zombies (D:9)
  A quasit (D:11)
  5 hounds
  7 orc priests
  A bullfrog skeleton (D:11)
  A jelly (D:10)
  14 orc wizards
  A gnoll shaman (D:5)
  4 iguanas
  24 worker ants
  A killer bee zombie (D:8)
  3 hound skeletons
  2 hound zombies
  3 worker ant zombies
  Robin (D:2)
  9 gnolls
  14 adders
  2 shadow imps (D:7)
  An ooze (D:3)
  An adder zombie (D:9)
  3 adder skeletons
  2 worms
  6 dart slugs
  2 leopard geckos
  52 orcs
  7 bats
  4 giant cockroaches
  18 goblins
  8 hobgoblins
  12 jackals
  10 kobolds
  3 quokkas (D:3)
  A ball python (D:1)
  3 frilled lizards
  2 leopard gecko skeletons
  A leopard gecko zombie (D:8)
  2 quokka skeletons (D:4)
  A quokka zombie (D:5)
  5 rats
  A butterfly (D:6)
  A plant (Lair:1)
539 creatures vanquished.

Vanquished Creatures (others)
  A leopard gecko (D:5)
  An orc (D:5)
  5 fungi
  2 plants
9 creatures vanquished.

Grand Total: 548 creatures vanquished

Notes
Turn   | Place    | Note
-------+----------+-------------------------------------------
     0 | D:1      | Peloso the Minotaur Fighter began the quest for the Orb.
     0 | D:1      | Reached XP level 1. HP: 19/19 MP: 0/0
    71 | D:1      | Reached XP level 2. HP: 27/27 MP: 1/1
   614 | D:2      | Reached skill level 4 in Shields
   709 | D:2      | Found a glowing golden altar of the Shining One.
   716 | D:2      | Reached XP level 3. HP: 33/33 MP: 2/2
   823 | D:2      | Noticed Robin
   858 | D:2      | Killed Robin
   953 | D:2      | Noticed Sigmund
   970 | D:2      | Killed Sigmund
   970 | D:2      | Reached skill level 1 in Dodging
   970 | D:2      | Reached XP level 4. HP: 23/40 MP: 3/3
   970 | D:2      | Reached XP level 5. HP: 27/46 MP: 4/4
  1416 | D:2      | Found a bloodstained altar of Trog.
  1514 | D:2      | Reached skill level 5 in Shields
  1562 | D:3      | Reached skill level 5 in Armour
  1770 | D:3      | Reached XP level 6. HP: 48/53 MP: 5/5
  2064 | D:3      | Reached skill level 5 in Long Blades
  2259 | D:4      | Found a blossoming altar of Fedhas.
  2711 | D:4      | Found a radiant altar of Vehumet.
  2793 | D:4      | Noticed Menkaure
  2800 | D:4      | Killed Menkaure
  2800 | D:4      | Reached XP level 7. HP: 7/60 MP: 6/6
  2810 | D:4      | Reached skill level 5 in Fighting
  3388 | D:5      | Entered Level 5 of the Dungeon
  3817 | D:5      | Reached skill level 6 in Shields
  3894 | D:5      | Found Ygih Qoxt's Magic Scroll Shop.
  3899 | D:5      | Bought a scroll of enchant weapon for 90 gold pieces
  3899 | D:5      | Bought a scroll of identify for 24 gold pieces
  4290 | D:5      | Noticed Pikel
  4314 | D:5      | Killed Pikel
  4314 | D:5      | Reached XP level 8. HP: 52/70 MP: 7/7
  4340 | D:5      | Noticed a two-headed ogre
  4793 | D:5      | Killed a two-headed ogre
  4793 | D:5      | Reached skill level 7 in Shields
  5293 | D:6      | Reached XP level 9. HP: 70/77 MP: 8/8
  5495 | D:6      | Found a stormy altar of Qazlal.
  5740 | D:6      | Found a staircase to the Ecumenical Temple.
  6089 | D:7      | Reached skill level 8 in Shields
  6612 | D:7      | Got a pair of dazzling gloves
  6618 | D:7      | Identified the +3 pair of gloves of Generosity {rC+} (You found it on level 7 of the Dungeon)
  7198 | Temple   | Entered the Ecumenical Temple
  7235 | Temple   | Became a worshipper of Warmaster Okawaru
  7719 | D:8      | Noticed a two-headed ogre
  7726 | D:8      | Noticed a two-headed ogre
  7730 | D:8      | Killed a two-headed ogre
  7730 | D:8      | Reached skill level 9 in Shields
  7747 | D:8      | Killed a two-headed ogre
  7747 | D:8      | Reached * piety under Okawaru
  7747 | D:8      | Reached skill level 10 in Long Blades
  7747 | D:8      | Reached XP level 10. HP: 20/86 MP: 9/9
  8727 | D:5      | Bought a scroll of magic mapping for 42 gold pieces
  8727 | D:5      | Bought a scroll of remove curse for 36 gold pieces
  8727 | D:5      | Bought a scroll of teleportation for 36 gold pieces
  8727 | D:5      | Bought a scroll of noise for 12 gold pieces
  8732 | D:5      | Bought 2 scrolls of identify for 48 gold pieces
  9296 | D:8      | Reached skill level 10 in Shields
  9323 | D:8      | Found a sparkling altar of Nemelex Xobeh.
  9611 | D:9      | Reached ** piety under Okawaru
  9755 | D:9      | Noticed a green ugly thing
  9775 | D:9      | Killed a green ugly thing
 10517 | D:10     | Entered Level 10 of the Dungeon
 10579 | D:10     | Reached *** piety under Okawaru
 10694 | D:10     | Reached skill level 11 in Shields
 10775 | D:10     | Reached XP level 11. HP: 63/94 MP: 10/10
 10810 | D:10     | Noticed a two-headed ogre
 10818 | D:10     | Killed a two-headed ogre
 10980 | D:10     | Found Hifux's Book Emporium.
 11043 | D:10     | Noticed a two-headed ogre
 11061 | D:10     | Killed a two-headed ogre
 11061 | D:10     | Reached skill level 10 in Armour
 11529 | D:10     | Noticed a tengu warrior
 11548 | D:10     | Killed a tengu warrior
 11611 | D:11     | Found a runed door.
 11648 | D:11     | Found a runed door.
 11697 | D:11     | Reached **** piety under Okawaru
 11748 | D:10     | Reached skill level 12 in Shields
 12216 | D:11     | Found Pimec's Armour Shop.
 12236 | D:11     | Found a staircase to the Lair.
 12522 | D:11     | Found a staircase to the Orcish Mines.
 12630 | Lair:1   | Entered Level 1 of the Lair of Beasts
 12683 | Lair:1   | Found a frozen archway.
 12703 | IceCv    | Entered an ice cave
 12925 | IceCv    | Reached ***** piety under Okawaru
 12961 | IceCv    | Reached skill level 13 in Shields
 13022 | IceCv    | Reached XP level 12. HP: 90/104 MP: 11/11
 13196 | IceCv    | Got a crude scimitar
 13197 | IceCv    | Identified the +8 scimitar of the Horn {slice, MR++ Str+6 Dex-5} (You found it in an ice cave)
 13393 | IceCv    | Reached skill level 14 in Shields
 13556 | IceCv    | Noticed a frost giant
 13556 | IceCv    | Noticed a death yak
 13565 | IceCv    | Killed a death yak
 13574 | IceCv    | Killed a frost giant
 13574 | IceCv    | Received a gift from Okawaru
 13574 | IceCv    | Reached ****** piety under Okawaru
 13574 | IceCv    | Reached skill level 10 in Fighting
 13606 | IceCv    | Got an encrusted glaive {god gift}
 13901 | Lair:1   | Got a vibrating ruby amulet
 13903 | Lair:1   | Identified the amulet of Cedwe {+Rage Int+4} (You found it on level 1 of the Lair of Beasts)
 14091 | Lair:1   | Noticed Erica
 14098 | Lair:1   | Killed Erica
 14098 | Lair:1   | Received a gift from Okawaru
 14197 | Lair:1   | Reached skill level 1 in Stealth
 15250 | Lair:2   | Reached XP level 13. HP: 98/114 MP: 12/12
 15363 | Lair:2   | Found a staircase to the Snake Pit.
 15429 | Lair:2   | Reached skill level 15 in Shields
 16219 | Lair:2   | Found a staircase to the Swamp.
 17015 | Lair:3   | Noticed Snorg
 17026 | Lair:3   | Killed Snorg
 17026 | Lair:3   | Received a gift from Okawaru
 17026 | Lair:3   | Reached skill level 16 in Shields
 17034 | Lair:3   | Got a jewelled scimitar {god gift}
 17035 | Lair:3   | Identified the +7 scimitar "Ysyig" {drain, *Noise MR+ Stlth+} (Okawaru gifted it to you on level 3 of the Lair of Beasts)
 18005 | D:11     | Noticed Josephine
 18027 | D:11     | Killed Josephine
 18027 | D:11     | Reached skill level 15 in Long Blades
 18456 | Lair:3   | Reached XP level 14. HP: 26/126 MP: 9/13
 18585 | Lair:3   | Received a gift from Okawaru
 18597 | Lair:3   | Got a scorched scimitar {god gift}
 18598 | Lair:3   | Identified the +11 scimitar "Echaguy" {protect, Fragile rN++ Str+4 Stlth+} (Okawaru gifted it to you on level 3 of the Lair of Beasts)
 18848 | Lair:4   | Noticed Rupert
 18874 | Lair:4   | Mangled by Rupert

Skill      XL: |  1  2  3  4  5  6  7  8  9 10 11 12 13 |
---------------+----------------------------------------+-----
Armour         | 4 5 6 7 9 10 11 12 | 12.7
Shields        | 4 5 6 7 9 11 13 14 16 | 16.8
Fighting       | 4 5 6 7 8 9 10 12 | 12.1
Long Blades    | 4 5 7 8 10 11 13 14 15 | 15.1
Dodging        | 1 2 3 4 |  4.9
Stealth        | 1 |  1.0
Invocations    | |  0.4
Evocations     | |  0.8

Action                   |  1- 3 |  4- 6 |  7- 9 | 10-12 | 13-15 || total
-------------------------+-------+-------+-------+-------+-------++-------
Melee: Long sword        |    90 |   138 |   285 |   371 |       ||   884
       Headbutt          |    16 |    28 |    69 |   264 |   130 ||   507
       Falchion          |       |       |       |   545 |       ||   545
       Scimitar          |       |       |       |   197 |   473 ||   670
Invok: Heroism           |       |       |       |     8 |     1 ||     9
Evoke: Wand              |       |       |     3 |       |       ||     3
  Use: Potion            |     1 |       |     1 |     1 |       ||     3
       Scroll            |       |       |     7 |    10 |       ||    17
  Eat: Chunk             |       |     6 |    16 |    27 |    12 ||    61
Armor: Scale mail        |    36 |    40 |    35 |       |       ||   111
       Chain mail        |       |       |    36 |       |       ||    36
       Plate armour      |       |       |    24 |   348 |   157 ||   529
Dodge: Dodged            |    27 |    44 |    78 |   192 |   136 ||   477
Block: Shield            |    64 |    81 |   223 |   915 |   549 ||  1832
       Reflection        |       |       |       |    13 |     3 ||    16
       Rpst.: Long sword |     8 |    13 |    20 |    23 |       ||    64
       Falchion          |       |       |       |    13 |       ||    13
       Scimitar          |       |       |       |     9 |    37 ||    46
